 Dungeon Crawl Stone Soup version 0.30-a0-726-gd89dcf765f (webtiles) character file.

Game seed: 10569302065424618018

1279 Crownlay the Chiller (level 8, -2/49 (58) HPs)
             Began as a Gnoll Ice Elementalist on Jan 29, 2023.
             Was a Believer of Uskayaw.
             Slain by an orc warrior
             ... wielding a +0 trident
              (8 damage)
             ... while paralysed by Grinder
             ... on level 6 of the Dungeon.
             The game lasted 00:14:10 (5949 turns).

Crownlay the Chiller (Gnoll Ice Elementalist)       Turns: 5949, Time: 00:14:10

HP:   -2/49 (58)    AC: 11    Str:  7    XL:     8   Next: 54%
MP:   12/17         EV:  2    Int: 18    God:    Uskayaw [**....]
Gold: 1238          SH:  0    Dex: 18    Spells: 12/19 levels left

rFire   + . .      SeeInvis +    i - +2 dagger (elec)
rCold   . . .      Faith    .    (no shield)
rNeg    . . .      Spirit   .    D - +0 robe "Xahexiy" {Regen+}
rPois   .          Reflect  .    (no helmet)
rElec   .          Harm     .    r - +0 cloak of Xoppoojo {rF+ Dex+6}
rCorr   .          Rampage  .    (no gloves)
Will    .....                    (no boots)
Stlth   +++                      (no amulet)
HPRegen 1.08/turn                m - ring of see invisible
MPRegen 0.15/turn                (no ring)

@: paralysed, ice-armoured, heavily drained
A: fangs 1, strong nose, distributed training
a: Renounce Religion, Stomp, Line Pass


You were on level 6 of the Dungeon.
You worshipped Uskayaw.
Uskayaw was noncommittal.
You visited 2 branches of the dungeon, and saw 7 of its levels.
You also visited: Ossuary.

You collected 1703 gold pieces.
You spent 465 gold pieces at shops.

Inventory:

Hand Weapons
 i - a +2 dagger of electrocution (weapon)
Missiles
 h - 2 throwing nets
Armour
 r - the +0 cloak of Xoppoojo (worn) {rF+ Dex+6}
   (You bought it in a shop on level 4 of the Dungeon)

   Dex:       It affects your dexterity (+6).
   rF:        It protects you from fire.
 D - the +0 robe "Xahexiy" (worn) {Regen+}
   (You bought it in a shop on level 4 of the Dungeon)

   Regen:     It increases your rate of health regeneration.
Jewellery
 m - a ring of see invisible (left hand)
Wands
 l - a wand of mindburst (8)
Scrolls
 c - 2 scrolls of teleportation
 e - 2 scrolls of fog
 f - a scroll of identify
 j - 2 scrolls of immolation
 n - a scroll of enchant armour {unknown}
 t - a scroll of fear {unknown}
 y - a scroll of enchant weapon {unknown}
 z - a scroll of blinking {unknown}
 A - a scroll of poison {unknown}
 B - 3 scrolls of noise {unknown}
Potions
 b - 2 potions of magic
 d - 2 potions of berserk rage {unknown}
 g - 4 potions of heal wounds
 k - 2 potions of flight
 o - 5 potions of curing
 p - 3 potions of degeneration {unknown}
 q - a potion of lignification {unknown}
 s - a potion of mutation {unknown}
 u - a potion of brilliance {unknown}
 v - a potion of resistance {unknown}
 w - a potion of attraction {unknown}
 x - a potion of cancellation {unknown}
 C - 2 potions of ambrosia {unknown}


   Skills:
 + Level 3.5 Fighting
 + Level 3.5 Short Blades
 + Level 3.5 Long Blades
 + Level 3.5 Axes
 + Level 3.5 Maces & Flails
 + Level 3.5 Polearms
 + Level 3.5 Staves
 + Level 3.5 Ranged Weapons
 + Level 3.5 Throwing
 + Level 3.5 Armour
 + Level 5.8 Dodging
 + Level 5.5 Stealth
 + Level 3.5 Shields
 + Level 3.5 Unarmed Combat
 + Level 6.1 Spellcasting
 + Level 2.8 Conjurations
 + Level 2.8 Hexes
 + Level 2.8 Summonings
 + Level 2.8 Necromancy
 + Level 2.8 Translocations
 + Level 2.8 Transmutations
 + Level 2.8 Fire Magic
 + Level 7.7 Ice Magic
 + Level 2.8 Air Magic
 + Level 2.8 Earth Magic
 + Level 2.8 Poison Magic
 + Level 3.8 Invocations
 + Level 3.5 Evocations


You had 12 spell levels left.
You knew the following spells:

 Your Spells              Type           Power      Damage    Failure   Level
a - Freeze                Ice            100%       1d10      1%          1
b - Frozen Ramparts       Ice            66%        1d10      1%          3
c - Ozocubu's Armour      Ice            33%        N/A       1%          3

Your spell library contained the following spells:

 Spells                   Type           Power      Damage    Failure   Level
 Ensorcelled Hibernation  Hex/Ice        48%        N/A       1%          2
 Passwall                 Tmut/Erth      12%        N/A       5%          2
 Swiftness                Air            15%        N/A       11%         3
 Summon Ice Beast         Ice/Summ       24%        N/A       13%         4


Dungeon Overview and Level Annotations

Branches:
Dungeon (6/15)             Temple (1/1) D:4         Ossuary (visited)

Altars:
Ashenzari
Cheibriados
Dithmenos
Elyvilon
Fedhas
Gozag
Makhleb
Nemelex Xobeh
Okawaru
Qazlal
Ru
Sif Muna
Uskayaw
Vehumet
Wu Jian
Xom
Yredelemnul
Zin
The Shining One

Shops:
D:1 (   D:4 [

Annotations:
D:6 Grinder


Innate Abilities, Weirdness & Mutations

You have very sharp teeth.
Your uncanny sense of smell can sniff out nearby items.
Your experience applies equally to all skills.


Message History

The orc warrior hits you from afar with a +0 trident.
The wight resists.
The wall freezes the wight.
Grinder completely resists.
The wall freezes Grinder but does no damage.
Grinder barely misses you.
You can now pass through a line of other dancers.
You hit Grinder.
Grinder is lightly wounded.
The wall freezes the orc warrior but does no damage.
The orc warrior closely misses you.
The wall freezes the wight but does no damage.
The wight hits you with a +0 battleaxe.
Grinder completely resists.
The wall freezes Grinder but does no damage.
Grinder hits you.
You writhe in agony.
You completely miss Grinder.
Grinder is lightly wounded.
The wight resists.
The wall freezes the wight.
The wight misses you.
The wall freezes the orc warrior.
The orc warrior hits you from afar with a +0 trident.
Grinder resists.
The wall freezes Grinder.
Grinder gestures at you.
You suddenly lose the ability to move!
The wall freezes the orc!
You kill the orc!
The wight completely resists.
The wall freezes the wight but does no damage.
The wight hits you with a +0 battleaxe!
The wall freezes the orc warrior but does no damage.
The orc warrior hits you from afar with a +0 trident.
Grinder completely resists.
The wall freezes Grinder but does no damage.
Grinder hits you but does no damage.
The frozen ramparts melt away.
The wight hits you but does no damage.
The orc warrior hits you but does no damage.
Grinder hits you but does no damage. The wight hits you with a +0 battleaxe!
You feel drained. Grinder hits you.
* * * LOW HITPOINT WARNING * * *
You writhe in agony.
* * * LOW HITPOINT WARNING * * *
The orc warrior hits you from afar with a +0 trident!
You die...

##############
#............+
#............#
#.<.....# ######@.#
#5z# #o.## ∆
#.).....# #........+
# ##..##..##
##.####..#####
..........#..#
..........#..#######


You could see Grinder, an orc warrior and a wight.

Vanquished Creatures
  An ice beast (D:5)
  A sky beast (D:6)
  2 bullfrogs (D:6)
  A scorpion (D:4)
  2 necrophages
  A wight (D:5)
  A howler monkey (D:5)
  4 hounds
  2 jellies
  3 iron imps (D:3)
  2 orc priests (D:5)
  2 iguanas
  An orc wizard (D:6)
  8 mummies (Ossuary)
  4 adders
  3 gnolls (D:6)
  A white imp (D:5)
  A worm (D:3)
  A dart slug (D:4)
  15 orcs
  10 bats
  6 endoplasms
  5 giant cockroaches
  12 goblins
  8 hobgoblins
  4 jackals (D:1)
  6 kobolds
  A quokka (D:4)
  12 ball pythons
  6 frilled lizards
  2 gnoll zombies (Ossuary)
  A goblin zombie (D:4)
  3 hobgoblin zombies (Ossuary)
  A kobold zombie (Ossuary)
  2 orc zombies (Ossuary)
  5 rats
  A rat zombie (D:4)
141 creatures vanquished.

Notes
Turn   | Place    | Note
-------+----------+-------------------------------------------
     0 | D:1      | Crownlay the Gnoll Ice Elementalist began the quest for the
                  | Orb.
     0 | D:1      | Reached XP level 1. HP: 13/13 MP: 6/6
   123 | D:1      | Reached XP level 2. HP: 19/19 MP: 2/7
   598 | D:1      | Reached skill level 5 in Spellcasting
   598 | D:1      | Reached XP level 3. HP: 25/25 MP: 3/9
   602 | D:1      | Learned a level 3 spell: Frozen Ramparts
   606 | D:1      | Learned a level 3 spell: Ozocubu's Armour
   852 | D:1      | Reached skill level 1 in Invocations
  1036 | D:1      | Found Iraabidgh's Weapon Emporium.
  1254 | D:2      | Found a faded altar of an unknown god.
  1325 | D:2      | Reached skill level 1 in Fighting
  1325 | D:2      | Reached skill level 1 in Short Blades
  1325 | D:2      | Reached skill level 1 in Long Blades
  1325 | D:2      | Reached skill level 1 in Axes
  1325 | D:2      | Reached skill level 1 in Maces & Flails
  1325 | D:2      | Reached skill level 1 in Polearms
  1325 | D:2      | Reached skill level 1 in Staves
  1325 | D:2      | Reached skill level 1 in Ranged Weapons
  1325 | D:2      | Reached skill level 1 in Throwing
  1325 | D:2      | Reached skill level 1 in Armour
  1325 | D:2      | Reached skill level 1 in Shields
  1325 | D:2      | Reached skill level 1 in Unarmed Combat
  1325 | D:2      | Reached skill level 1 in Evocations
  1395 | D:2      | Reached XP level 4. HP: 32/32 MP: 8/11
  1497 | D:2      | Reached skill level 1 in Conjurations
  1497 | D:2      | Reached skill level 1 in Hexes
  1497 | D:2      | Reached skill level 1 in Summonings
  1497 | D:2      | Reached skill level 1 in Necromancy
  1497 | D:2      | Reached skill level 1 in Translocations
  1497 | D:2      | Reached skill level 1 in Transmutations
  1497 | D:2      | Reached skill level 1 in Fire Magic
  1497 | D:2      | Reached skill level 1 in Air Magic
  1497 | D:2      | Reached skill level 1 in Earth Magic
  1497 | D:2      | Reached skill level 1 in Poison Magic
  2040 | D:2      | Reached XP level 5. HP: 35/37 MP: 8/12
  2698 | D:3      | You fall into a shaft and drop 2 floors!
  2698 | D:5      | Entered Level 5 of the Dungeon
  2750 | D:4      | Found a sand-covered staircase.
  2795 | Ossuary  | Entered an ossuary
  2831 | Ossuary  | Reached XP level 6. HP: 44/44 MP: 9/13
  2886 | Ossuary  | Reached skill level 5 in Dodging
  3416 | D:4      | Found a staircase to the Ecumenical Temple.
  3434 | Temple   | Entered the Ecumenical Temple
  3444 | Temple   | Became a worshipper of Uskayaw the Reveller
  3486 | D:4      | Reached * piety under Uskayaw
  3488 | D:4      | Reached ** piety under Uskayaw
  3639 | D:3      | Found a basalt altar of Yredelemnul.
  3844 | D:3      | Found a burning altar of Makhleb.
  3953 | D:3      | Reached XP level 7. HP: 47/51 MP: 9/15
  4442 | D:4      | Found Movvef's Armour Shoppe.
  4820 | D:5      | Reached skill level 5 in Stealth
  4908 | D:5      | Reached *** piety under Uskayaw
  4917 | D:5      | Reached **** piety under Uskayaw
  4924 | D:5      | Reached ***** piety under Uskayaw
  4961 | D:5      | Reached XP level 8. HP: 13/58 MP: 5/16
  5339 | D:5      | Found a sparkling altar of Nemelex Xobeh.
  5377 | D:5      | Found a shimmering altar of Xom.
  5380 | D:5      | Found a basalt altar of Yredelemnul.
  5380 | D:5      | Found a white marble altar of Elyvilon.
  5425 | D:5      | Found a burning altar of Makhleb.
  5425 | D:5      | Found a shimmering altar of Xom.
  5425 | D:5      | Found an opulent altar of Gozag.
  5550 | D:5      | Identified a scroll of acquirement
  5550 | D:5      | Acquired 1063 gold pieces
  5597 | D:4      | Bought the +0 cloak of Xoppoojo {rF+ Dex+6} for 373 gold
                  | pieces
  5597 | D:4      | Bought the +0 robe "Xahexiy" {Regen+} for 92 gold pieces
  5644 | D:6      | Noticed Grinder
  5728 | D:6      | Identified the +0 ring mail of the Breadfruit {rElec SInv}
  5937 | D:6      | Paralysed by Grinder for 2 turns
  5946 | D:6      | Paralysed by Grinder for 4 turns
  5949 | D:6      | Slain by an orc warrior

Illustrated notes

Levels and vault maps discovered:
D:1:      ncdulo_halloftheorcs, layout_basic, serial_shops, shop
D:2:      layout_basic, hellmonk_ecumenical_altar_leap_of_faith,
          minmay_increasing_density
D:3:      layout_basic, demons_altar, amcnicky_altar_gilded,
          serial_corexii_hall, corexii_hall_statues_l, corexii_hall_statues_u
D:4:      layout_cave_pools, minmay_temple_entry_metal_lava, enter_ossuary_4,
          serial_shops, shop, chequers_serial_rivers_micro_a
D:5:      layout_rooms, doesnt_xom_only_xom, nemelex_xobeh_ov_fountains_minmay
D:6:      black_bear_nest_1, layout_gridville, uniq_grinder
Temple:   nicolae_temple_no_exploring_needed

Skill      XL: |  1  2  3  4  5  6  7  8 |
---------------+-------------------------+-----
Spellcasting   | 5 6 |  6.1
Invocations    | 1 2 3 |  3.8
Fighting       | 1 2 3 |  3.5
Short Blades   | 1 2 3 |  3.5
Long Blades    | 1 2 3 |  3.5
Axes           | 1 2 3 |  3.5
Maces & Flails | 1 2 3 |  3.5
Polearms       | 1 2 3 |  3.5
Staves         | 1 2 3 |  3.5
Ranged Weapons | 1 2 3 |  3.5
Throwing       | 1 2 3 |  3.5
Armour         | 1 2 3 |  3.5
Shields        | 1 2 3 |  3.5
Unarmed Combat | 1 2 3 |  3.5
Evocations     | 1 2 3 |  3.5
Conjurations   | 1 2 |  2.8
Hexes          | 1 2 |  2.8
Summonings     | 1 2 |  2.8
Necromancy     | 1 2 |  2.8
Translocations | 1 2 |  2.8
Transmutations | 1 2 |  2.8
Fire Magic     | 1 2 |  2.8
Air Magic      | 1 2 |  2.8
Earth Magic    | 1 2 |  2.8
Poison Magic   | 1 2 |  2.8
Dodging        | 5 |  5.8
Stealth        | 5 |  5.5
Ice Magic      | |  7.7

Action                     |  1- 3 |  4- 6 |  7- 9 || total
---------------------------+-------+-------+-------++-------
  Melee: Unarmed           |     1 |       |       ||     1
         Mace              |    12 |       |       ||    12
         Dagger            |     7 |    91 |    63 ||   161
         Bite              |       |     8 |     7 ||    15
         Punch             |       |     2 |       ||     2
   Cast: Freeze            |    37 |    29 |    22 ||    88
         Frozen Ramparts   |     3 |    19 |    16 ||    38
         Ozocubu's Armour  |     3 |    13 |    12 ||    28
 Invoke: Stomp             |       |       |     1 ||     1
  Evoke: Wand              |       |     3 |     1 ||     4
    Use: Scroll            |     1 |     6 |     2 ||     9
         Potion            |       |       |     2 ||     2
   Stab: Sleeping          |     2 |       |       ||     2
         Paralysed         |       |       |     5 ||     5
 Armour: Robe              |    18 |    13 |    15 ||    46
  Dodge: Dodged            |    74 |    57 |    51 ||   182

Table legend: (Time is in decaauts)
 A = Elapsed time spent in this place.
 B = Non-inter-level travel time spent in this place.
 C = Inter-level travel time spent in this place.
 D = Time resting spent in this place.
 E = Time spent auto-exploring this place.
 F = Levels seen in this place.
 G = Mean time per level.
                   A        B        C        D        E       F      G
               +--------+--------+--------+--------+--------+-----+--------+
         Total |   5935 |   5676 |    259 |     41 |   4276 |   8 |  741.9 |
       Dungeon |   5318 |   5065 |    253 |     26 |   3846 |   6 |  886.3 |
        Temple |     17 |     11 |      6 |      0 |      0 |   1 |   17.0 |
       Ossuary |    599 |    599 |      0 |     15 |    430 |   1 |  599.0 |
               +--------+--------+--------+--------+--------+-----+--------+

Top non-repeatable levels by time:
     D:1: 1257 daAuts
     D:2: 1118 daAuts
     D:5: 1020 daAuts
     D:3: 972 daAuts
     D:4: 805 daAuts
 Ossuary: 599 daAuts
     D:6: 142 daAuts
  Temple: 17 daAuts
